Map: Hard Lead LE

Players

Pikee - Winner!

  • Race: Protoss Protoss
  • Spawn Location: 11:00

SubN

  • Race: Zerg Zerg
  • League: Diamond
  • Spawn Location: 5:00

VOD

Have the link to the VOD?

Description

Time

  • Played on: Dec. 27, 2023, 12:43 a.m.
  • Length: 7:35
Show
View Real Time Build Order
Export as new Build Order

Pikee Protoss - Winner!

Build Orders: 1 Gate Expand 

Get SALT Encoding   

  12  0:01  Probe  
  13  0:13  Probe  
  14  0:19  Pylon  
  14  0:25  Probe  
  15  0:37  Probe  
  15  0:38  Gateway  
  16  0:48  Assimilator  
  16  0:49  Probe  
  17  1:01  Probe (Chrono Boost)  
  18  1:10  Probe (Chrono Boost)  
  19  1:16  Probe  
  20  1:23  Nexus  
  20  1:28  Probe  
  21  1:35  Cybernetics Core  
  21  1:40  Probe  
  22  1:48  Pylon  
  22  1:52  Probe  
  23  2:02  Assimilator  
  23  2:06  Probe, Zealot  
  26  2:18  Probe (Chrono Boost)  
  26  2:20  Warp Gate  
  27  2:27  Gateway  
  27  2:28  Probe (Chrono Boost)  
  28  2:33  Probe (Chrono Boost)  
  28  2:35  Robotics Facility  
  29  2:38  Probe  
  30  2:45  Probe  
  30  2:48  Twilight Council  
  30  2:50  Probe  
  32  2:58  Gateway  
  32  3:01  Probe  
  33  3:07  Gateway  
  34  3:13  Probe (Chrono Boost)  
  34  3:15  Stalker  
  34  3:16  Probe (Chrono Boost)  
  37  3:23  Probe (Chrono Boost)  
  37  3:24  Stalker  
  37  3:25  Observer  
  41  3:29  Probe  
  41  3:30  Probe  
  43  3:35  Charge  
  43  3:50  Pylon  
  43  3:55  Pylon  
  43  3:56  Pylon  
  43  4:15  Zealot x2  
  47  4:18  Zealot x2  
  47  4:24  Immortal (Chrono Boost)  
  55  4:32  Pylon, Probe x2  
  55  4:36  Zealot x2  
  61  4:39  Adept x2  
  65  4:48  Pylon  
  65  4:55  Immortal (Chrono Boost), Pylon  
  65  4:58  Adept x2  
  73  5:07  Stalker  
  73  5:08  Stalker  
  73  5:13  Assimilator  
  77  5:15  Assimilator  
  77  5:17  Probe x2  
  79  5:58  Nexus  
  79  6:01  Assimilator  
  79  6:03  Assimilator  
  79  6:07  Pylon  
  77  6:12  Pylon  
  77  6:30  Stalker x4  
  85  6:33  Probe x2  
  85  6:39  Pylon  
  83  6:52  Robotics Facility  
  83  6:54  Robotics Facility  
  83  6:56  Robotics Facility  
  83  6:58  Robotics Facility  
  83  6:59  Probe x2  
  83  7:00  Pylon x2  
  85  7:04  Gateway x2  
  85  7:05  Zealot x4  
  94  7:09  Forge  
  94  7:10  Observer  
  94  7:13  Forge  
  94  7:15  Probe x2  
  96  7:16  Forge  
  96  7:19  Pylon  
Show
View Real Time Build Order
Export as new Build Order

SubN Zerg 

Build Orders: 3 Hatch before Pool 

Get SALT Encoding   

  12  0:00  Drone  
  13  0:12  Overlord  
  13  0:16  Drone  
  14  0:30  Drone x2  
  16  0:50  Hatchery  
  16  0:53  Drone  
  16  1:15  Hatchery  
  15  1:18  Drone  
  15  1:21  Drone  
  15  1:25  Drone  
  18  1:27  Extractor  
  17  1:41  Spawning Pool  
  17  1:45  Drone  
  17  1:48  Drone  
  17  1:52  Drone  
  19  2:02  Drone  
  19  2:05  Drone  
  21  2:28  Queen  
  21  2:29  Queen x2  
  27  2:35  Drone x2  
  29  2:46  Metabolic Boost  
  29  2:48  Drone x2  
  29  2:50  Drone  
  32  2:53  Drone  
  32  2:57  Overlord  
  33  3:06  Overlord  
  33  3:08  Drone  
  34  3:15  Overlord, Queen  
  38  3:20  Drone x2  
  38  3:21  Drone  
  38  3:23  Drone  
  38  3:25  Drone  
  38  3:27  Drone  
  42  3:28  Drone  
  42  3:30  Drone  
  42  3:32  Drone  
  45  3:34  Drone  
  45  3:36  Drone  
  45  3:40  Drone x2  
  49  3:41  Drone  
  50  3:54  Queen  
  52  3:56  Queen  
  52  3:59  Overlord  
  52  4:01  Roach Warren  
  52  4:02  Overlord  
  53  4:11  Overlord  
  53  4:12  Overlord x2  
  53  4:14  Overlord  
  53  4:19  Drone  
  53  4:20  Drone x4  
  58  4:29  Overlord  
  58  4:30  Overlord, Extractor  
  57  4:32  Drone x3  
  60  4:44  Drone  
  60  4:45  Drone x3  
  64  4:49  Extractor  
  64  4:50  Drone  
  64  4:51  Drone x2  
  64  4:52  Drone x3, Extractor  
  68  4:55  Drone x3  
  68  4:59  Drone x2  
  73  5:07  Extractor  
  73  5:08  Queen  
  73  5:10  Extractor, Queen  
  73  5:12  Drone  
  76  5:17  Drone  
  76  5:20  Drone x3  
  80  5:22  Drone x2  
  80  5:27  Drone  
  83  5:29  Drone x2  
  83  5:32  Drone  
  83  5:34  Evolution Chamber  
  85  5:35  Evolution Chamber  
  85  5:36  Baneling Nest  
  85  5:40  Roach  
  85  5:41  Roach x5  
  79  5:43  Roach  
  79  5:44  Roach x2  
  74  5:51  Roach x3  
  78  6:00  Overlord x2  
  78  6:10  Overlord x2  
  78  6:25  Roach  
  78  6:26  Roach x4  
  80  6:34  Roach  
  76  6:50  Drone x3  
  76  6:52  Hatchery  
  78  6:59  Hatchery  
  77  7:05  Drone x3  
Tags
 
Add a new tag
Caveats
  • Supply blocks, unpowered buildings, or Contaminate may cause inaccurate times.
  • Supply counts are checked every 10 seconds.